 Dungeon Crawl Stone Soup version 0.30-a0-7-g94fe547ab8 (webtiles) character file.

Game seed: 16463593485363644985

50 Nedwor the Chopper (level 3, -8/31 HPs)
             Began as a Minotaur Gladiator on Aug 23, 2022.
             Killed from afar by Natasha (12 damage)
             ... with a bolt of light
             ... on level 2 of the Dungeon.
             The game lasted 00:01:15 (1120 turns).

Nedwor the Chopper (Minotaur Gladiator)             Turns: 1120, Time: 00:01:16

Health: -8/31      AC:  9    Str: 20    XL:     3   Next: 55%
Magic:  2/2        EV:  8    Int:  5    God:
Gold:   45         SH:  0    Dex: 11    Spells: 2/2 levels left

rFire   . . .      SeeInvis .    a - +0 war axe
rCold   . . .      Faith    .    (no shield)
rNeg    . . .      Spirit   .    j - +0 chain mail
rPois   .          Reflect  .    c - +0 hat
rElec   .          Harm     .    (no cloak)
rCorr   .          Rampage  .    d - +0 pair of gloves
Will    .....                    (no boots)
Stlth   ..........               (no amulet)
HPRegen 0.10/turn                (no ring)
MPRegen 0.08/turn                (no ring)

@: confused, slowed, very slow
A: horns 2, retaliatory headbutt
a: no special abilities


You were on level 2 of the Dungeon.
You visited 1 branch of the dungeon, and saw 2 of its levels.

You collected 45 gold pieces.

Inventory:

Hand Weapons
 a - a +0 war axe (weapon)
Armour
 c - a +0 hat (worn)
 d - a +0 pair of gloves (worn)
 j - a +0 chain mail (worn)
Scrolls
 e - a scroll of magic mapping {unknown}
 f - a scroll of silence {unknown}
 h - 2 scrolls of identify {unknown}
 k - a scroll of immolation {unknown}
 m - 3 scrolls of enchant weapon {unknown}
Potions
 b - a potion of might {unknown}
 g - a potion of mutation {unknown}
 i - a potion of flight {unknown}
 l - a potion of haste {unknown}
 n - 2 potions of brilliance {unknown}


   Skills:
 + Level 3.1 Fighting
 * Level 4.4 Axes
 - Level 2.0 Throwing
 + Level 1.5 Armour
 + Level 3.7 Dodging


You had 2 spell levels left.
You didn't know any spells.
Your spell library was empty.

Dungeon Overview and Level Annotations

Branches:
Dungeon (2/15)

Altars:

Shops:
D:2 [

Annotations:
D:2 Natasha


Innate Abilities, Weirdness & Mutations

You have a pair of horns on your head.
You reflexively headbutt those who attack you in melee.


Message History

No target in view!
No target in view!
No target in view!
No target in view!
No target in view!
Natasha, Servant of Life and Death comes into view.
She is carrying a wand of light (12).
Natasha hisses angrily.
Natasha stares at you and mumbles some strange words.
You resist with significant effort.
Natasha is nearby!
Found an escape hatch in the ceiling.
Found a coppery potion.
Natasha stares at you and mumbles some strange words.
The magic dart hits you!
A giant cockroach comes into view.
Natasha stares at you and mumbles some strange words.
The magic dart hits you.
Natasha mumbles some strange words.
You closely miss Natasha. You headbutt Natasha!
Natasha is heavily wounded.
Natasha stares at you and mumbles some strange words.
You feel yourself slow down.
You closely miss Natasha. You headbutt Natasha!
Natasha is almost dead.
You hit the giant cockroach.
You kill the giant cockroach!
Natasha zaps a wand.
The bolt of light misses you.
Natasha zaps a wand.
The bolt of light hits you!
You are confused.
* * * LOW HITPOINT WARNING * * *
The crimson imp barely misses you. Natasha claws you.
* * * LOW HITPOINT WARNING * * *
The crimson imp hits you but does no damage.
The crimson imp attacks as you move away!
The crimson imp barely misses you.
You feel less confused.
Natasha zaps a wand.
The bolt of light hits you!
You are confused.
You die...

...# #..... ..
...#######.......# ..
.................# ..
...#.#####..#.8..#
..........†.##<.###
.....#####..8.∩.8.###
...>........##......#
....#####....#8!....#
#.[.... #'#.#
###.....@...# #......
#.#†# #.###.....#
#...... #.#.# ....
#5h...# #...... #.#.#
###.#.#.....# #......
....# ..#.#.....#
#...... ....# #.#
#.....## #......
....# <. #.........
#...... ....#
#.....#....(#####..
....#
#.####.............


You could see Natasha and a crimson imp (summoned).

Vanquished Creatures
  2 adders (D:2)
  A worm (D:2)
  2 dart slugs (D:1)
  An endoplasm (D:1)
  2 giant cockroaches
  5 goblins
  2 hobgoblins (D:1)
  A quokka (D:1)
  2 ball pythons
  3 bats
  A kobold (D:1)
  5 rats
27 creatures vanquished.

Notes
Turn   | Place    | Note
-------+----------+-------------------------------------------
     0 | D:1      | Nedwor the Minotaur Gladiator began the quest for the Orb.
     0 | D:1      | Reached XP level 1. HP: 18/18 MP: 0/0
    96 | D:1      | Reached XP level 2. HP: 25/25 MP: 1/1
   119 | D:1      | Reached skill level 4 in Axes
   250 | D:1      | Reached skill level 1 in Armour
   675 | D:2      | Reached XP level 3. HP: 30/30 MP: 2/2
  1105 | D:2      | Found Qulucsas's Antique Armour Boutique.
  1112 | D:2      | Noticed Natasha
  1120 | D:2      | Killed from afar by Natasha

Illustrated notes

Levels and vault maps discovered:
D:1:      dpeg_arrival_rhombi, layout_loops_ring
D:2:      layout_basic, serial_shops, nicolae_shop_statue_plus, uniq_natasha

Skill      XL: |  1  2  3 |
---------------+----------+-----
Axes           | 4 |  4.4
Armour         | 1 |  1.5
Fighting       | 3 |  3.1
Throwing       | |  2.0
Dodging        | |  3.7

Action                   || total
-------------------------++-------
Melee: War axe           ||    50
       Headbutt          ||     7
Armor: Leather armour    ||     5
       Chain mail        ||    15
Dodge: Dodged            ||    32

Table legend: (Time is in decaauts)
 A = Elapsed time spent in this place.
 B = Non-inter-level travel time spent in this place.
 C = Inter-level travel time spent in this place.
 D = Time resting spent in this place.
 E = Time spent auto-exploring this place.
 F = Levels seen in this place.
 G = Mean time per level.
                   A        B        C        D        E       F      G
               +--------+--------+--------+--------+--------+-----+--------+
         Total |   1135 |   1122 |     13 |      0 |    913 |   2 |  567.5 |
       Dungeon |   1135 |   1122 |     13 |      0 |    913 |   2 |  567.5 |
               +--------+--------+--------+--------+--------+-----+--------+

Top non-repeatable levels by time:
     D:1: 670 daAuts
     D:2: 465 daAuts
